 Dungeon Crawl Stone Soup version 0.32-a0-732-ga344392067 (webtiles) character file.

Game seed: 11717624481318966918

268 gimp the Magician (level 6, -1/28 HPs)
             Began as a Spriggan Earth Elementalist on Mar 16, 2024.
             Slain by a killer bee (8 damage)
             ... on level 5 of the Dungeon.
             The game lasted 00:04:15 (3566 turns).

gimp the Magician (Spriggan Earth Elementalist)     Turns: 3566, Time: 00:04:16

Health: -1/28      AC:  3    Str:  3 (4)  XL:     6   Next: 1%
Magic:  12/14      EV: 16    Int: 17 (19) God:
Gold:   155        SH:  0    Dex: 14 (15) Spells: 11/15 levels left

rFire   . . .        a - +1 dagger (venom)
rCold   + . .        (no shield)
rNeg    . . .        e - +0 robe
rPois   .            (helmet restricted)
rElec   .            q - +0 cloak
rCorr   .            (gloves unavailable)
SInv    +            (boots unavailable)
Will    +....        (no amulet)
Stlth   ++           c - ring of protection from cold
HPRegen 0.24/turn    (no ring)
MPRegen 0.14/turn

%: no passive effects
@: mighty, lethally poisoned (-1 -> -5), very quick
A: very small, no large weapons, unfitting armour, see invisible, speed 3
a: no special abilities


You were on level 5 of the Dungeon.
You visited 1 branch of the dungeon, and saw 5 of its levels.

You collected 155 gold pieces.

Inventory:

Hand Weapons
 a - a +1 dagger of venom (weapon)
Armour
 e - a +0 robe (worn)
 q - a +0 cloak (worn)
Magical Staves
 o - a staff of death
Jewellery
 c - a ring of protection from cold (left hand)
Scrolls
 g - 3 scrolls of vulnerability {unknown}
 i - a scroll of poison {unknown}
 j - 4 scrolls of identify {unknown}
 l - a scroll of immolation {unknown}
 n - a scroll of enchant weapon {unknown}
 p - a scroll of summoning {unknown}
Potions
 b - 3 potions of magic
 d - a potion of curing {unknown}
 f - a potion of degeneration
 h - 3 potions of cancellation
 k - a potion of attraction {unknown}
 m - a potion of might
 r - a potion of heal wounds {unknown}


   Skills:
 - Level 2.6 Dodging
 - Level 3.0 Stealth
 + Level 5.1 Spellcasting
 + Level 2.4 Conjurations
 + Level 4.1 Earth Magic


You had 11 spell levels left.
You knew the following spells:

 Your Spells              Type           Power      Damage    Failure   Level
a - Sandblast             Erth           36%        2d10      2%          1
b - Stone Arrow           Conj/Erth      30%        3d8       11%         3

Your spell library contained the following spells:

 Spells                   Type           Power      Damage    Failure   Level
 Passwall                 Erth           18%        N/A       8%          3
 Brom's Barrelling Bould  Conj/Erth      15%        2d4       34%         4
 Petrify                  Alch/Erth      11%        N/A       52%         4


Dungeon Overview and Level Annotations

Branches:
Dungeon (5/15)
 Temple: D:4-7

Altars:
Ashenzari
Zin

Shops:
D:4 (   D:5 [

Annotations:
D:4 Menkaure


Innate Abilities, Weirdness & Mutations

You are very small and have problems with some larger weapons.
You are too small for most types of armour.
You have supernaturally acute eyesight. (SInv)
You cover ground extremely quickly. (Speed+++)


Message History

Press: ? - help, Shift-Dir - straight line, f - endoplasm
Aim: an endoplasm (wandering, hasn't noticed you, 98% to hit)
The blast of sand hits the endoplasm!
You kill the endoplasm!
You now have 10/13 mp.
Casting: Sandblast (safe; 2% risk of failure)
Confirm with . or Enter, or press ? or * to list all spells.
You can't see any susceptible monsters within range! (Use Z to cast anyway.)
r - a black potion MP restored: 13
Found 3 stones.
You see here 3 stones.
You open the door.
There is an open door here.
As you open the door, it creaks loudly!
There is an open door here.
You open the door.
Found a short sword.
There is an open door here.
There is an open door here.
There is an open door here.
Menkaure, Prince of Dust comes into view.
Menkaure is nearby!
Casting: Sandblast (safe; 2% risk of failure)
Confirm with . or Enter, or press ? or * to list all spells.
Okay, then.
Partly explored, can't reach some places.
Partly explored, can't reach some places.
Partly explored, can't reach some places.
You open the door.
There is an open door here.
There is an open door here.
There is a stone staircase leading down here.
You climb downwards.
Found 9 stones.
There is a stone staircase leading up here.
Found Haafrid's Armour Boutique.
There is an entrance to Haafrid's Armour Boutique here.
There is an entrance to Haafrid's Armour Boutique here.
A killer bee comes into view.
A killer bee is nearby!
A killer bee comes into view.
Casting: Sandblast (safe; 2% risk of failure)
Confirm with . or Enter, or press ? or * to list all spells.
Aiming: Sandblast (safe; 2% risk of failure)
Press: ? - help, Shift-Dir - straight line, f - killer bee
Aim: a killer bee (asleep, 100% to hit)
The blast of sand hits the killer bee!
The killer bee is heavily wounded.
The killer bee buzzes angrily.
You hear an angry buzzing noise. x2
A killer bee comes into view. x2
You now have 12/13 mp.
The killer bee attacks as it pursues you!
The killer bee misses you. The killer bee misses you.
The killer bee attacks as it pursues you!
The killer bee closely misses you.
The killer bee attacks as it pursues you!
The killer bee misses you.
The killer bee attacks as it pursues you!
The killer bee completely misses you.
The killer bee attacks as it pursues you!
The killer bee barely misses you.
MP restored: 13 The killer bee attacks as it pursues you!
The killer bee stings you. x2
You take 4 damage, and have 20/24 hp.
The killer bee buzzes angrily.
The killer bee misses you.
Casting: Sandblast (safe; 2% risk of failure)
Confirm with . or Enter, or press ? or * to list all spells.
Okay, then.
You aren't carrying any items that you can evoke.
Unknown command.
Casting: Sandblast (safe; 2% risk of failure)
Confirm with . or Enter, or press ? or * to list all spells.
Aiming: Sandblast (safe; 2% risk of failure)
Press: ? - help, Shift-Dir - straight line, f/p - killer bee
Aim: a killer bee (moderately wounded, 65% to hit)
The blast of sand misses the killer bee.
The blast of sand hits the killer bee!
You kill the killer bee!
The killer bee stings you!
You are poisoned.
The killer bee poisons you! The killer bee misses you.
The killer bee stings you. The killer bee closely misses you.
The killer bee misses you. The killer bee completely misses you.
Your Spellcasting skill increases to level 5!
You have reached level 6!
You take 11 damage, and have 9/28 hp.
MASSIVE DAMAGE!!
You now have 12/14 mp.
It was a potion of degeneration.
There was something very wrong with that liquid.
You feel weakened.
You feel dopey.
You feel clumsy.
You feel sick. The killer bee closely misses you. x3
You take 2 damage, and have 7/28 hp.
It was a potion of might.
You feel very mighty all of a sudden.
You feel sick. The killer bee barely misses you.
The killer bee completely misses you. The killer bee stings you!
You die...

#..# ..#..... ##.## ......
#..# .... ##.## #.. #..##
#.### . ##..##
###...######... #####...#
####..............
.........###yy...............
######......@y.†...########..
##......####...## .
#####....∩.## ##....#
...........# #..#..##
######....## #.###..##
#..##..###.# ##..#
#.####.#..## #### ### #####.#
###


You could see 3 killer bees.

Vanquished Creatures
  A killer bee (D:5)
  An orc priest (D:4)
  An iguana (D:4)
  3 orc wizards (D:4)
  3 adders (D:2)
  2 dart slugs (D:4)
  3 orcs (D:4)
  6 ball pythons (D:1)
  3 bats
  7 endoplasms
  6 giant cockroaches
  3 goblins
  5 hobgoblins
  6 jackals
  3 quokkas (D:1)
  2 frilled lizards
  4 kobolds
  5 rats
64 creatures vanquished.

Notes
Turn   | Place    | Note
-------+----------+-------------------------------------------
     0 | D:1      | gimp the Spriggan Earth Elementalist began the quest for
                  | the Orb.
     0 | D:1      | Reached XP level 1. HP: 9/9 MP: 5/5
   263 | D:1      | Reached skill level 3 in Spellcasting
   293 | D:1      | Reached skill level 1 in Conjurations
   311 | D:1      | Reached XP level 2. HP: 13/13 MP: 5/7
  1041 | D:2      | Reached XP level 3. HP: 16/16 MP: 6/9
  1367 | D:2      | Learned a level 3 spell: Stone Arrow
  1548 | D:2      | Reached XP level 4. HP: 21/21 MP: 7/10
  2061 | D:3      | Found a glowing silver altar of Zin.
  2163 | D:3      | Reached skill level 4 in Spellcasting
  2623 | D:4      | Found a broken altar of Ashenzari.
  2784 | D:4      | Reached XP level 5. HP: 22/24 MP: 8/12
  2875 | D:4      | Found Asuen's Antique Weapon Emporium.
  3428 | D:4      | Noticed Menkaure
  3483 | D:5      | Entered Level 5 of the Dungeon
  3491 | D:5      | Found Haafrid's Armour Boutique.
  3565 | D:5      | Reached skill level 5 in Spellcasting
  3565 | D:5      | Reached XP level 6. HP: 9/28 MP: 12/14
  3566 | D:5      | Slain by a killer bee

Illustrated notes

Levels and vault maps discovered:
D:1:      dpeg_arrival_chambers_temple_mockup, layout_loops_ring
D:2:      minmay_inner_zag, layout_basic
D:3:      layout_rooms, mainiacjoe_overflow_catwalk
D:4:      layout_gridville, general_overflow_altar, serial_shops, shop,
          uniq_menkaure
D:5:      layout_layer_cave, minmay_temple_entry_crystal_x, serial_shops, shop,
          uniq_edmund

Skill      XL: |  1  2  3  4  5 |
---------------+----------------+-----
Spellcasting   | 3 4 5 |  5.1
Conjurations   | 1 2 |  2.4
Earth Magic    | 3 4 |  4.1
Dodging        | |  2.6
Stealth        | |  3.0

Action                     |  1- 3 |  4- 6 || total
---------------------------+-------+-------++-------
   Cast: Sandblast         |    60 |    44 ||   104
    Use: Potion            |       |     3 ||     3
 Armour: Robe              |     9 |    15 ||    24
  Dodge: Dodged            |    17 |    23 ||    40

Table legend: (Time is in decaauts)
 A = Elapsed time spent in this place.
 B = Non-inter-level travel time spent in this place.
 C = Inter-level travel time spent in this place.
 D = Time resting spent in this place.
 E = Time spent auto-exploring this place.
 F = Levels seen in this place.
 G = Mean time per level.
                   A        B        C        D        E       F      G
               +--------+--------+--------+--------+--------+-----+--------+
         Total |   2627 |   2592 |     35 |     84 |   2132 |   5 |  525.4 |
       Dungeon |   2627 |   2592 |     35 |     84 |   2132 |   5 |  525.4 |
               +--------+--------+--------+--------+--------+-----+--------+

Top non-repeatable levels by time:
     D:1: 759 daAuts
     D:2: 713 daAuts
     D:4: 659 daAuts
     D:3: 442 daAuts
     D:5: 52 daAuts
